Fleur, neutral female sylph Wizard ----- ---....| |......| ---......-- |.@.......| -.|.%.-- -- ..--<-- -- --- Fleur the Conjurer Experience level: 4 Strength: 5 Dexterity: 17 Constitution: 11 Intelligence: 15 Wisdom: 17 Charisma: 9 Health: 23(28) Energy: 5(61) Def: 2 Gold: 171 Moves: 490 Dungeon seed: pBp-9Fl4MNIbzi3r Game ID: Fleur_1476970800 Your Inventory: Coins $ - 171 gold pieces Weapons a - a blessed burnt +1 quarterstaff (weapon in hands) Armor e - an uncursed +1 cloak of magic resistance (being worn) Comestibles i - 2 uncursed food rations m - an uncursed tripe ration o - an uncursed lichen corpse Scrolls j - 2 uncursed scrolls of scare monster Spellbooks b - a blessed spellbook of force bolt c - an uncursed spellbook of create monster Potions g - an uncursed potion of healing Rings l - an uncursed ring of shock resistance Wands d - a wand of nothing (0:7) Gems n - 2 uncursed worthless pieces of blue glass q - an uncursed worthless piece of red glass Spells and supernatural/magical abilities: Name Level Category Fail Memory a - force bolt 1 attack 0% 98% O - create monster 2 clerical 0% 98% W - pray for help -- divine ? -- Your skills at the end: Miscellaneous Skills wands [Basic] Weapon Skills quarterstaff [Basic] Spellcasting Skills attack spells [Basic] enchantment spells [Basic] clerical spells [Basic] Final Attributes: You were devoutly aligned. You were magic-protected. You saw invisible. You were very stealthy. You were protected from shape changers. You were unlucky. You survived. Vanquished creatures: a floating eye a kitten a dwarf an iguana a jitterbug a gas spore 2 geckos a cave spider a gnome 8 jackals a kobold 3 newts 2 goblins 2 sewer rats 6 grid bugs a bat 2 lichens a kobold zombie 36 creatures vanquished. Voluntary challenges: You followed a strict vegan diet. You did not cause conflict. You were not invisible. You did not have reflection. You were not displaced. You used a wielded weapon 35 times, starting on turn 1. You did not apply a unicorn horn. You did not use plumbed fixtures. You did not drink any magical draughts. You read items or engraved 1 time, starting on turn 95. You never genocided any monsters. You never polymorphed an object. You never changed form. You used no wishes. You never split a pudding. You never wrote Elbereth's name. You violated your moral code, losing 1 point of alignment, starting on turn 467. Dungeon overview: The Dungeons of Doom: levels 1 to 4 Level 1 a long staircase Level 2 a fountain Level 3 Level 4 stairs to The Gnomish Mines The Gnomish Mines: Level 5 <- You were here stairs to The Dungeons of Doom History has recorded: On T:1 you entered the Dungeons of Doom to retrieve the Amulet of Yendor! On T:99 you reached level 2 of The Dungeons of Doom. On T:187 you advanced to experience level 2. On T:364 you reached level 3 of The Dungeons of Doom. On T:391 you advanced to experience level 3. On T:437 you reached level 4 of The Dungeons of Doom. On T:460 you advanced to experience level 4. On T:469 you prayed to Thoth. On T:484 you reached level 1 of The Gnomish Mines. Score breakdown: Gold: 171 ( 17 points) Experience: 4 levels ( 300 points) Exploration: 5 levels ( 120 points) Discoveries: 1 item ( 50 points) Variety of kills: 18 monsters ( 900 points) Major goal: (nothing yet) ( 0 points) Survival: quit (score multiplied by 3) Total score: 4161 Latest messages: You kill the bat! You hesitate for a moment, bothered by your conscience. The grid bug bites! You get zapped! Wizard needs food, badly! The spell hits the grid bug! You kill the grid bug! You begin praying to Thoth. You feel that Thoth is displeased. You see here a floating eye corpse. The spell hits the dwarf! You kill the dwarf! The spell misses the gnome. The spell hits the gnome! You kill the gnome! Final status: Goodbye Fleur the Wizard, committed trickery... You were tricked in The Gnomish Mines on dungeon level 5 with 4161 points, and 171 pieces of gold, after 490 moves. You were level 4 with a maximum of 28 hit points when you were tricked.